Priest Dude, lawful male human Priest -------- --------- |......| |.......| |.......# ##-.......| -------------- |......|# # |>......| ----------- |!m%"(=[!)+]?| |......|# # |.......| |.........| |@*%%+?%!)%!=| |<.....|# # -.--|---- |.........| |.....@......| --------# # # ####### |.........| ------|------- # # ### # #.......>...# # # # # ### ###|.........|# ### # # ######## # # -----------# # # # ----.-|- ### ### ### #------------# |...(..| # # ---.-- #|.*.........# |.......## ###|..).| #|.......%..| |......| #.....| #...........| |......| |.)..| ------------ -------- |....| ------ Priest Dude the Aspirant Experience level: 2 Strength: 12 Dexterity: 7 Constitution: 18 Intelligence: 10 Wisdom: 18 Charisma: 8 Health: 0(21) Energy: 30(30) Def: 3 Gold: 499 Moves: 1350 Dungeon seed: 5aqd6yPh5PNlp1ix Game ID: Priest Dude_1554900517 Your Inventory: Coins $ - 499 gold pieces Weapons a - a blessed +1 mace (weapon in hand) Armor e - a +0 robe (being worn) n - a blessed +0 small shield (being worn) Comestibles c - a clove of garlic d - a sprig of wolfsbane k - a food ration Spellbooks f - a spellbook of stone to flesh g - a spellbook of light l - a spellbook of extra healing Potions b - 4 potions of holy water h - a cursed potion of object detection i - a potion of extra healing Spells and supernatural/magical abilities: Name Level Category Fail Memory l - light 1 divination 0% 94% x - extra healing 3 healing 79% 100% S - stone to flesh 3 healing 82% 94% W - pray for help -- divine ? -- X - turn undead -- divine ? -- Your skills at the end: Fighting Skills Weapon Skills mace [Basic] Spellcasting Skills clerical spells [Basic] Final Attributes: You were piously aligned. You are dead. Vanquished creatures: a yellow mold a red mold a fox a kobold a sewer rat a grid bug 2 lichens a kobold zombie 3 newts 12 creatures vanquished. Voluntary challenges: You went without food. You used a wielded weapon 15 times, starting on turn 191. You read items or engraved 11 times, starting on turn 1241. You never genocided any monsters. You never polymorphed an object. You never changed form. You used no wishes. You never split a pudding. You never wrote Elbereth's name. You never violated your personal moral code. Dungeon overview: The Dungeons of Doom: levels 1 to 4 Level 1 a long staircase Level 2 Level 3 Level 4 <- You were here a general store a long staircase History has recorded: On T:1 you entered the Dungeons of Doom to retrieve the Amulet of Yendor! On T:419 you reached level 2 of The Dungeons of Doom. On T:891 you reached level 3 of The Dungeons of Doom. On T:1108 you advanced to experience level 2. On T:1165 you reached level 4 of The Dungeons of Doom. Score breakdown: Gold: 499 ( 9180 points) Experience: 2 levels ( 5570 points) Exploration: 4 levels ( 8.16%) ( 7500 points) Discoveries: 2 items ( 0.67%) ( 2461 points) Valuables value: (no points given unless you survive) Artifact value: 0 ( 0 points) Variety of kills: 9 monsters ( 2.36%) ( 4610 points) Turncount: 1350 turns ( 0 points) Survival: died (score multiplied by 80%) Total score: 23456 Latest messages: You can move again. You begin to memorize the runes. You add the "extra healing" spell to your repertoire. You feel yourself slowing down. $ - 61 gold pieces. You see here a long sword. You see here a cursed stout spear. "Hello, Priest Dude! Welcome to Manlobbi's general store!" You see here a scroll labeled XIXAXA XOXAXA XUXAXA (533 zorkmids). You see here a white potion (133 zorkmids). Wait! That's a small mimic! You see here a scroll labeled XIXAXA XOXAXA XUXAXA (533 zorkmids). You miss the small mimic. The small mimic hits! You miss the small mimic. (3x) You hit the small mimic. The small mimic hits! You hit the small mimic. You miss the small mimic. You hit the small mimic. You hit the small mimic! The small mimic hits! You die... Manlobbi gratefully inherits all your possessions. Final status: Goodbye Priest Dude the Priest, killed by a small mimic... You died in The Dungeons of Doom on dungeon level 4 with 23456 points, and 499 pieces of gold, after 1350 moves. You were level 2 with a maximum of 21 hit points when you died.